[Event "January 9 Late 2024"]
[Site "https://www.chess.com"]
[Date "2024.01.09"]
[Round "7"]
[White "Kosteniuk, Alexandra"]
[Black "Santos Flores, Alberto"]
[Result "1-0"]
[Board "88"]
[TimeControl "180+1"]
[WhiteFideId "4128125"]
[BlackFideId "3601234"]
[WhiteElo "2719"]
[BlackElo "2509"]
[WhiteTeam "SUI"]
[BlackTeam "ECU"]
[WhiteClock "0:00:58"]
[BlackClock "0:00:06"]

1. e4 e6 2. d4 d5 3. exd5 exd5 4. Nf3 Nf6 5. Bd3 Bd6 6. O-O O-O 7. Bg5 Bg4 8. Nbd2 Nbd7 9. c4 c6 10. c5 Be7 11. b4 a6 12. a4 Re8 13. Qc2 h6 14. Bh4 Nf8 15. Ne5 Bh5 16. Bg3 N6d7 17. f4 f6 18. Nef3 Ne6 19. b5 axb5 20. axb5 cxb5 21. Bxb5 Rxa1 22. Rxa1 Bf7 23. Nb3 Nc7 24. Bd3 Nb8 25. Nh4 Nc6 26. Bh7+ Kh8 27. Bg6 Bxg6 28. Qxg6 Bf8 29. Qf7 Ne6 30. Re1 Qc7 31. Qxe8 1-0

[Event "January 9 Late 2024"]
[Site "https://www.chess.com"]
[Date "2024.01.09"]
[Round "7"]
[White "Arabidze, Meri"]
[Black "Mullodzhanov, Nathaniel"]
[Result "0-1"]
[Board "89"]
[TimeControl "180+1"]
[WhiteFideId "13604040"]
[BlackFideId "30961580"]
[WhiteElo "2713"]
[BlackElo "2502"]
[WhiteTeam "GEO"]
[BlackTeam "USA"]
[WhiteClock "0:00:00"]
[BlackClock "0:00:07"]

1. Nf3 d5 2. c4 Nf6 3. cxd5 Nxd5 4. e4 Nb6 5. d4 Bg4 6. Nc3 Bxf3 7. gxf3 e6 8. Be3 Bb4 9. Qc2 O-O 10. Kd1 Nc6 11. Ke1 Nxd4 12. Qd1 e5 13. a3 Bxc3+ 14. bxc3 Ne6 15. Qc2 Qe7 16. a4 Rfd8 17. a5 Nd7 18. Bc4 Ndc5 19. Ke2 c6 20. h4 Nf4+ 21. Bxf4 exf4 22. h5 h6 23. Rag1 Ne6 24. Rg4 Qf6 25. Qc1 Kh7 26. Rhg1 Ng5 27. Rxf4 Qd6 28. Rf5 b5 29. axb6 axb6 30. f4 Ra2+ 31. Kf1 Rd2 32. Kg2 Nxe4 33. Rxf7 Rxf2+ 34. Kh1 Rg8 35. Qb1 Rxf4 36. Rxf4 Qxf4 37. Bxg8+ Kxg8 38. Qa2+ Kh7 39. Qg2 Nf2+ 40. Qxf2 Qxf2 41. c4 Qf3+ 42. Kh2 Qxh5+ 43. Kg2 Qg4+ 44. Kf2 Qxc4 0-1

[Event "January 9 Late 2024"]
[Site "https://www.chess.com"]
[Date "2024.01.09"]
[Round "7"]
[White "Niekras, Dawid"]
[Black "Pourkashiyan, Atousa"]
[Result "1-0"]
[Board "90"]
[TimeControl "180+1"]
[WhiteFideId "1160451"]
[BlackFideId "12502014"]
[WhiteElo "2687"]
[BlackElo "2497"]
[WhiteTeam "POL"]
[BlackTeam "USA"]
[WhiteClock "0:00:08"]
[BlackClock "0:00:08"]

1. e4 e5 2. Nc3 Nf6 3. g3 d5 4. exd5 Nxd5 5. Bg2 Nxc3 6. bxc3 Bd6 7. Nf3 O-O 8. d3 Nc6 9. O-O Bg4 10. h3 Bh5 11. g4 Bg6 12. Ng5 Be7 13. Ne4 f5 14. Ng3 fxg4 15. Qxg4 Qc8 16. Rb1 Rb8 17. Qxc8 Rfxc8 18. Be3 a6 19. Be4 Bxe4 20. Nxe4 Rf8 21. Kg2 Bd6 22. a4 Ne7 23. Ba7 Ra8 24. Rxb7 Nd5 25. Be3 Rfb8 26. Rfb1 Rxb7 27. Rxb7 a5 28. c4 Nb4 29. c5 Bf8 30. Rxc7 Nxc2 31. Kf3 Rd8 32. Ke2 Nb4 33. Ra7 Nc6 34. Ra6 Nb4 35. Rxa5 Nxd3 36. Rb5 Nf4+ 37. Bxf4 exf4 38. Rb4 Re8 39. Kd3 Rd8+ 40. Ke2 Re8 41. Kf3 g5 42. Nf6+ Kf7 43. Nxe8 Kxe8 44. Rc4 Kd7 45. Ke4 Kc7 46. c6 Bd6 47. Kf5 h6 48. f3 Bf8 49. a5 Bd6 50. a6 Kb6 51. a7 Kxa7 52. c7 Bxc7 53. Rxc7+ Kb6 54. Rh7 1-0

[Event "January 9 Late 2024"]
[Site "https://www.chess.com"]
[Date "2024.01.09"]
[Round "7"]
[White "Murtazin, Bulat"]
[Black "Martinez Ramirez, Lennis"]
[Result "0-1"]
[Board "91"]
[TimeControl "180+1"]
[WhiteFideId "24151351"]
[BlackFideId "3509079"]
[WhiteElo "2492"]
[BlackElo "2685"]
[WhiteTeam "RUS"]
[BlackTeam "CUB"]
[WhiteClock "0:00:00"]
[BlackClock "0:00:14"]

1. e4 c5 2. Nf3 Nc6 3. d4 cxd4 4. Nxd4 Qc7 5. Nc3 Nf6 6. Be2 e6 7. O-O a6 8. Be3 Bd6 9. g3 Be5 10. f4 Bxd4 11. Bxd4 d6 12. Be3 h5 13. a4 Ng4 14. Bxg4 hxg4 15. Qxg4 g6 16. Qg5 Qe7 17. Qxe7+ Kxe7 18. Bb6 Nb4 19. Rf2 Bd7 20. a5 Rac8 21. Rd1 e5 22. fxe5 dxe5 23. Nd5+ Nxd5 24. Rxd5 Rh5 25. Rfd2 Bc6 26. Rc5 Rch8 27. Bc7 f6 28. Rc4 Rg5 29. Bd6+ Ke6 30. Bc5 Rg4 31. Rd6+ Kf7 32. Rb4 Rc8 33. Be3 f5 34. c3 Bxe4 35. Kf2 Rh8 36. h4 Ke7 37. Bc5 Kf7 38. Rd7+ Ke6 39. Rd6+ Kf7 40. Rd7+ Kf6 41. Rb6+ Bc6 42. Rdxb7 Rc8 43. Rb8 Rxb8 44. Rxb8 Kf7 45. Rb6 Bd5 46. Rxa6 f4 47. gxf4 exf4 0-1

[Event "January 9 Late 2024"]
[Site "https://www.chess.com"]
[Date "2024.01.09"]
[Round "7"]
[White "Llorente Zaro, Alfonso"]
[Black "Hungaski, Robert"]
[Result "0-1"]
[Board "92"]
[TimeControl "180+1"]
[WhiteFideId "2254131"]
[BlackFideId "2021030"]
[WhiteElo "2681"]
[BlackElo "2491"]
[WhiteTeam "ESP"]
[BlackTeam "USA"]
[WhiteClock "0:00:01"]
[BlackClock "0:00:17"]

1. e4 e5 2. Nf3 Nc6 3. Bc4 Bc5 4. c3 d6 5. d4 exd4 6. cxd4 Bb6 7. Nc3 Nf6 8. h3 O-O 9. O-O Nxe4 10. Bd3 Nxc3 11. bxc3 h6 12. Bc2 Ne7 13. Re1 Ng6 14. Qd3 Qf6 15. h4 Rd8 16. Ng5 Bg4 17. f3 Bd7 18. Bd2 Re8 19. g3 d5 20. Kg2 hxg5 21. Bxg5 Qd6 22. h5 Nf8 23. Bf4 Qf6 24. Be5 Qg5 25. Bf4 Qxh5 26. Rh1 Qg6 27. Qd2 Bf5 28. Ba4 c6 29. Rh2 Bd3 30. Re1 f6 31. g4 Rxe1 32. Qxe1 Re8 33. Qh4 Re2+ 34. Kg3 Rxh2 35. Qxh2 Ne6 36. Bb8 Ng5 37. Qf2 Qe8 38. Bf4 Ne6 39. Bd6 Qd7 40. Bf4 Nxf4 41. Kxf4 Bc7+ 42. Ke3 Bh7 43. Bd1 Qe6+ 44. Kd2 Bf4+ 0-1

[Event "January 9 Late 2024"]
[Site "https://www.chess.com"]
[Date "2024.01.09"]
[Round "7"]
[White "Ladan, Nicholas"]
[Black "Rosen, Eric"]
[Result "1-0"]
[Board "93"]
[TimeControl "180+1"]
[WhiteFideId "30918855"]
[BlackFideId "2032562"]
[WhiteElo "2487"]
[BlackElo "2657"]
[WhiteTeam "USA"]
[BlackTeam "USA"]
[WhiteClock "0:00:18"]
[BlackClock "0:00:00"]

1. Nf3 d5 2. g3 Nf6 3. Bg2 e6 4. O-O Be7 5. d3 b6 6. Nbd2 Bb7 7. c3 O-O 8. Re1 c5 9. Qc2 Nc6 10. e4 dxe4 11. dxe4 Rc8 12. e5 Nd7 13. Nc4 b5 14. Nd6 Bxd6 15. exd6 Nf6 16. Bf4 Nd5 17. Ng5 g6 18. Rad1 Nxf4 19. gxf4 Na5 20. Bxb7 Nxb7 21. Qe4 h6 22. Nxe6 Nxd6 23. Qe5 fxe6 24. Rxd6 Qf6 25. Qxe6+ Qxe6 26. Rexe6 Kh7 27. Rd7+ Kh8 28. Rxg6 Rxf4 29. Rxh6+ Kg8 30. Rg6+ Kh8 31. Rd5 Rh4 32. Rgg5 b4 33. Rxc5 Rxc5 34. Rxc5 bxc3 35. Rxc3 a5 36. Kg2 Kg7 37. Rc5 a4 38. Rb5 Kf7 39. a3 Rc4 40. Rb4 Rc2 41. h4 Kg6 42. Kg3 Rd2 43. f3 Rc2 44. Rxa4 Rxb2 45. Ra6+ Kf5 46. Ra5+ Kg6 47. h5+ Kh6 48. a4 Rb1 49. Kf4 Rb4+ 50. Ke3 Rb3+ 51. Ke2 Rb2+ 52. Kf1 Ra2 53. Ke1 Kh7 54. Ra6 Kg7 55. h6+ Kh7 56. f4 Rh2 57. a5 Ra2 58. Kf1 Kh8 59. Ra7 Kg8 60. a6 Kh8 61. Ke1 Kg8 62. Kd1 Kh8 63. f5 1-0

[Event "January 9 Late 2024"]
[Site "https://www.chess.com"]
[Date "2024.01.09"]
[Round "7"]
[White "Peczely, Sebastian Zsombor"]
[Black "Ozates, Tuna"]
[Result "1-0"]
[Board "94"]
[TimeControl "180+1"]
[WhiteFideId "750964"]
[BlackFideId "6354521"]
[WhiteElo "2484"]
[BlackElo "2653"]
[WhiteTeam "HUN"]
[BlackTeam "TUR"]
[WhiteClock "0:00:08"]
[BlackClock "0:00:05"]

1. e4 e5 2. Nf3 Nc6 3. d4 exd4 4. Nxd4 Nf6 5. Nxc6 bxc6 6. e5 Qe7 7. Qe2 Nd5 8. c4 Ba6 9. b3 Nb6 10. f4 g6 11. Qf2 Bg7 12. Be2 d6 13. O-O O-O 14. Ba3 c5 15. Nd2 Bb7 16. Rae1 Rfe8 17. Bf3 Bxf3 18. Nxf3 Qd7 19. Kh1 a5 20. Ng5 a4 21. Bb2 axb3 22. axb3 Ra2 23. Re2 h6 24. Ne4 Qf5 25. Nc3 Raa8 26. Nb5 Qd7 27. exd6 cxd6 28. Bxg7 Kxg7 29. Rd2 Re6 30. Rfd1 Rd8 31. Qg3 d5 32. cxd5 Rf6 33. Nc3 Qf5 34. Qe3 c4 35. Ne4 Nxd5 36. Qd4 c3 37. Nxf6 Nxf6 38. Qxd8 cxd2 39. Qxd2 h5 40. h3 Ne4 41. Qd4+ Kh7 42. Kh2 Qxf4+ 43. Kg1 Qf5 44. Rf1 Ng3 45. Rxf5 Ne2+ 46. Kf2 Nxd4 47. Rxf7+ Kg8 48. Rb7 Kf8 49. b4 Ke8 50. b5 Kd8 51. Rg7 Nxb5 52. Rxg6 Ke7 53. Rg5 Nd4 54. Rxh5 Kf6 55. Rh4 Ne6 56. Re4 Ng5 57. Rg4 Ne6 58. Kf3 Kf5 59. Kg3 Nc7 60. Kh2 Nd5 61. Rg3 Kf6 62. h4 Ne7 63. Kh3 Kf7 64. Rg5 Kf6 65. g3 Nc8 66. g4 Nd6 67. Rd5 Ne4 68. h5 Kg7 69. Kh4 Kh7 70. g5 Nc3 71. Rd7+ Kg8 72. h6 Ne4 73. Kh5 1-0

[Event "January 9 Late 2024"]
[Site "https://www.chess.com"]
[Date "2024.01.09"]
[Round "7"]
[White "Novikov, Evgenij"]
[Black "Gubajdullin, Alexei"]
[Result "1-0"]
[Board "95"]
[TimeControl "180+1"]
[WhiteFideId "4125380"]
[BlackFideId "4141202"]
[WhiteElo "2483"]
[BlackElo "2628"]
[WhiteTeam "RUS"]
[BlackTeam "RUS"]
[WhiteClock "0:01:01"]
[BlackClock "0:00:04"]

1. d4 Nf6 2. c4 g6 3. Nc3 Bg7 4. e4 d6 5. Be2 O-O 6. Nf3 c5 7. O-O cxd4 8. Nxd4 Nc6 9. Nxc6 bxc6 10. Rb1 a5 11. b3 Nd7 12. Bb2 Nc5 13. Qc2 f5 14. Rbd1 f4 15. Na4 Nxa4 16. Bxg7 Kxg7 17. bxa4 Qb6 18. c5 Qxc5 19. Qxc5 dxc5 20. Rc1 Ba6 21. Bxa6 Rxa6 22. Rxc5 Rd8 23. g3 Rd4 24. Re5 Kf6 25. gxf4 Rxa4 26. Rd1 Rxa2 27. Rd7 e6 28. Rd6 a4 29. Rdxe6+ Kg7 30. Re7+ Kh6 31. Rf7 Ra8 32. Ree7 Rh8 33. Rc7 Re2 34. e5 a3 35. Ra7 a2 36. Kg2 Kh5 37. Kf3 Rb2 38. Rxh7+ Rxh7 39. Rxh7# 1-0

[Event "January 9 Late 2024"]
[Site "https://www.chess.com"]
[Date "2024.01.09"]
[Round "7"]
[White "Reprintsev, Alexander"]
[Black "Garakov, Mikhael"]
[Result "0-1"]
[Board "96"]
[TimeControl "180+1"]
[WhiteFideId "14100541"]
[BlackFideId "4169034"]
[WhiteElo "2482"]
[BlackElo "2627"]
[WhiteTeam "UKR"]
[BlackTeam "RUS"]
[WhiteClock "0:01:02"]
[BlackClock "0:00:23"]

1. e4 c5 2. b3 Nc6 3. Bb2 d6 4. Bb5 Bd7 5. Ne2 Nf6 6. d3 e5 7. O-O Be7 8. Nd2 O-O 9. c4 Nd4 10. Bxd7 Nxd7 11. Nxd4 cxd4 12. b4 a5 13. a3 Qb6 14. Qb3 Bg5 15. Nf3 Bh6 16. Bc1 Bxc1 17. Rfxc1 Nc5 18. Qc2 axb4 19. axb4 Qxb4 20. Rab1 Qa4 21. Qe2 Qa3 22. Ne1 Ra4 23. h4 Rfa8 24. h5 h6 25. Rc2 Rb4 26. Rd1 Rb3 27. Rcd2 Rc3 28. f4 exf4 29. Nc2 Qa7 30. Kh2 Nb3 31. Qf2 Nxd2 32. Rxd2 Qc5 33. Nxd4 Qxh5+ 0-1

[Event "January 9 Late 2024"]
[Site "https://www.chess.com"]
[Date "2024.01.09"]
[Round "7"]
[White "Korchynskyi, Mykola"]
[Black "Li, Tedric"]
[Result "0-1"]
[Board "97"]
[TimeControl "180+1"]
[WhiteFideId "34138005"]
[BlackFideId "3242897"]
[WhiteElo "2610"]
[BlackElo "2468"]
[WhiteTeam "UKR"]
[BlackTeam "AUS"]
[WhiteClock "0:00:00"]
[BlackClock "0:00:39"]

1. d4 Nf6 2. c4 Nc6 3. Nc3 e5 4. e3 Bb4 5. Nf3 Bxc3+ 6. bxc3 d6 7. Be2 O-O 8. O-O Bg4 9. Ba3 Re8 10. Rb1 b6 11. Qc2 Qd7 12. Rbd1 Qf5 13. Qa4 Ne7 14. dxe5 dxe5 15. h3 Bh5 16. Bd3 e4 17. Nd4 Qg6 18. Be2 Bxe2 19. Nxe2 Nf5 20. Qc6 Nh4 21. Nf4 Qg5 22. Qxc7 Rac8 23. Qd6 Rxc4 24. Rd4 Nf3+ 25. Kh1 Nxd4 26. cxd4 Rec8 27. Qe7 Qf5 28. Rd1 Nd5 29. Nxd5 Qxd5 30. Kh2 a5 31. g3 b5 32. Bc5 a4 33. Rb1 Rc2 34. Kg2 Qxa2 35. Rf1 Qd5 36. Qa7 R2xc5 37. dxc5 Qxc5 38. Qa6 h6 39. Rd1 Rb8 40. Rd7 Qg5 41. Qc6 b4 42. Qc7 Rf8 43. Qb7 b3 44. Qb4 Qf5 45. Ra7 Qf3+ 46. Kg1 Rd8 0-1

[Event "January 9 Late 2024"]
[Site "https://www.chess.com"]
[Date "2024.01.09"]
[Round "7"]
[White "Hejazipour, Mitra"]
[Black "Bjelobrk, Igor"]
[Result "1-0"]
[Board "98"]
[TimeControl "180+1"]
[WhiteFideId "12505951"]
[BlackFideId "4300726"]
[WhiteElo "2467"]
[BlackElo "2609"]
[WhiteTeam "FRA"]
[BlackTeam "AUS"]
[WhiteClock "0:00:42"]
[BlackClock "0:00:06"]

1. c4 b6 2. d4 Bb7 3. Nf3 e6 4. Nc3 f5 5. g3 Nf6 6. Bg2 Bb4 7. Bd2 O-O 8. O-O Qe7 9. Qc2 Bxc3 10. Bxc3 Be4 11. Qd2 d6 12. Nh4 Bxg2 13. Nxg2 Nbd7 14. f3 a5 15. Rae1 d5 16. Nf4 dxc4 17. e4 fxe4 18. fxe4 b5 19. d5 Nc5 20. dxe6 Nxe6 21. Nd5 Nxd5 22. exd5 Qc5+ 23. Kg2 Rxf1 24. Rxf1 Nf8 25. Qg5 Ng6 26. Qf5 Rf8 27. Qe6+ Kh8 28. Rf7 Rxf7 29. Qxf7 Qf8 30. Qxf8+ Nxf8 31. Bxa5 Kg8 32. Bxc7 Kf7 33. Kf3 Nd7 34. Ke4 Nf6+ 35. Ke5 Ke7 36. d6+ Kd7 37. Kd4 Kc6 38. Ke5 Nd7+ 39. Ke6 Nc5+ 40. Ke7 Nd7 41. Ba5 g6 42. Bb4 Ne5 43. h3 Nd7 44. g4 Ne5 45. g5 Nd7 46. Kf7 Kd5 47. Kg7 Ke6 48. Kxh7 Kf7 49. h4 Ne5 50. Bc3 Nd7 51. Kh6 Nf8 52. Bg7 Ne6 53. d7 b4 54. Bf6 c3 55. bxc3 bxc3 56. Bxc3 Ke7 57. Kxg6 Nf4+ 58. Kf5 Nh5 59. g6 Kxd7 60. Be5 1-0

[Event "January 9 Late 2024"]
[Site "https://www.chess.com"]
[Date "2024.01.09"]
[Round "7"]
[White "Onufrienko, Vladislav"]
[Black "Bochnicka, Vladimir"]
[Result "1-0"]
[Board "99"]
[TimeControl "180+1"]
[WhiteFideId "13804332"]
[BlackFideId "14943450"]
[WhiteElo "2604"]
[BlackElo "2462"]
[WhiteTeam "KGZ"]
[BlackTeam "SVK"]
[WhiteClock "0:00:16"]
[BlackClock "0:00:02"]

1. e4 e5 2. Nf3 Nc6 3. Nc3 Nf6 4. h3 Bb4 5. Nd5 Bc5 6. Nxf6+ Qxf6 7. Bc4 O-O 8. O-O h6 9. d3 d6 10. Be3 Bb6 11. Nd2 Ne7 12. a4 Ng6 13. a5 Bxe3 14. fxe3 Qg5 15. Qe2 Bxh3 16. Nf3 Qg3 17. Nh2 Be6 18. Rf3 Qg5 19. Raf1 Bxc4 20. dxc4 Qe7 21. Ng4 Qe6 22. Rf5 c6 23. Rh5 Kh7 24. Rff5 Ne7 25. Rf6 gxf6 26. Nxh6 Kg7 27. Nf5+ Nxf5 28. exf5 Qxc4 29. Qxc4 Rg8 30. Qh4 Kf8 31. Qxf6 Rd8 32. Qxd8+ 1-0

[Event "January 9 Late 2024"]
[Site "https://www.chess.com"]
[Date "2024.01.09"]
[Round "7"]
[White "Sliwicki, Damian"]
[Black "Estrada Nieto, Julian"]
[Result "1-0"]
[Board "100"]
[TimeControl "180+1"]
[WhiteFideId "1127128"]
[BlackFideId "5101018"]
[WhiteElo "2457"]
[BlackElo "2599"]
[WhiteTeam "POL"]
[BlackTeam "ESP"]
[WhiteClock "0:00:09"]
[BlackClock "0:00:00"]

1. e4 e5 2. Nf3 Nc6 3. d4 exd4 4. Bc4 Bc5 5. c3 d6 6. cxd4 Bb6 7. O-O Nf6 8. Nc3 O-O 9. Bg5 h6 10. Bh4 Bg4 11. Nd5 Bxf3 12. Qxf3 Bxd4 13. Qg3 Nxe4 14. Qg4 Ng5 15. Rad1 Bc5 16. b4 Ne5 17. Qf4 Ng6 18. Qg4 Nxh4 19. bxc5 Ne6 20. cxd6 cxd6 21. Ne3 Re8 22. g3 Ng6 23. Nf5 Qg5 24. Qf3 Ne5 25. Qe4 Nxc4 26. f4 Qf6 27. Nxd6 Nxd6 28. Rxd6 Rad8 29. Rfd1 Rxd6 30. Rxd6 Qa1+ 31. Kg2 Qxa2+ 32. Kh3 Qa1 33. f5 Qf1+ 34. Kh4 Nc7 35. Qxb7 Qxf5 36. g4 Qf3 37. Qxf3 Ne6 38. Rd7 Ng5 39. Qf5 Rf8 40. Kg3 g6 41. Qf4 Ne6 42. Qf6 Ng5 43. Re7 Nh7 44. Qa6 Ng5 45. h4 Ne6 46. Rxe6 fxe6 47. Qxe6+ Rf7 48. Qxg6+ Kf8 49. Qxh6+ Ke7 50. Qa6 Kf8 51. g5 Kg7 52. Kg4 Rf1 53. Qxf1 a5 54. Qf6+ 1-0

[Event "January 9 Late 2024"]
[Site "https://www.chess.com"]
[Date "2024.01.09"]
[Round "7"]
[White "Roberson, Peter T"]
[Black "Blanco Diez, David"]
[Result "1/2-1/2"]
[Board "101"]
[TimeControl "180+1"]
[WhiteFideId "412384"]
[BlackFideId "32032927"]
[WhiteElo "2586"]
[BlackElo "2450"]
[WhiteTeam "ENG"]
[BlackTeam "ESP"]
[WhiteClock "0:00:05"]
[BlackClock "0:00:12"]

1. b3 Nf6 2. Bb2 g6 3. Bxf6 exf6 4. c4 Bg7 5. Nc3 O-O 6. g3 f5 7. Bg2 Nc6 8. e3 Re8 9. Nge2 b6 10. O-O Bb7 11. d4 d6 12. Nf4 Qd7 13. Qd2 Na5 14. Bxb7 Nxb7 15. h4 Nd8 16. a4 a5 17. Ncd5 Ne6 18. Rad1 Rab8 19. Kg2 c6 20. Nc3 Nxf4+ 21. exf4 h5 22. d5 c5 23. Nb5 Re4 24. Rde1 Rbe8 25. f3 R4e7 26. Kf2 Kf8 27. Rxe7 Qxe7 28. Re1 Qxe1+ 29. Qxe1 Rxe1 30. Kxe1 Ke7 31. Kf2 Kd7 32. Na7 Bf6 33. Kg2 Bg7 34. Kh3 Bf6 35. Nb5 Bg7 36. Na3 Bb2 37. Nc2 Ke7 38. Ne1 Bc1 39. Nd3 Be3 40. Kg2 Kf6 41. Ne1 Bd2 42. Nc2 Bc1 43. Kf2 Bb2 44. Ke2 Bc3 45. Na3 Ke7 46. Nb5 Bb2 47. Kf2 Kd7 48. Kg2 Ke7 49. Kh3 Kd7 50. Na7 Ke7 51. g4 Kd7 52. Kg3 Ke7 53. Kf2 Bf6 54. Kg3 Bb2 55. Kh3 Bc1 56. Kg3 Bb2 1/2-1/2

[Event "January 9 Late 2024"]
[Site "https://www.chess.com"]
[Date "2024.01.09"]
[Round "7"]
[White "Peycheva, Gergana"]
[Black "Golubev, Mikhail"]
[Result "0-1"]
[Board "102"]
[TimeControl "180+1"]
[WhiteFideId "2916711"]
[BlackFideId "14100983"]
[WhiteElo "2448"]
[BlackElo "2584"]
[WhiteTeam "BUL"]
[BlackTeam "UKR"]
[WhiteClock "0:00:35"]
[BlackClock "0:01:12"]

1. d4 Nf6 2. c4 g6 3. Nc3 Bg7 4. e4 d6 5. Be2 O-O 6. Nf3 e5 7. O-O h6 8. d5 Na6 9. Qc2 Nh5 10. g3 Bh3 11. Re1 Qd7 12. a3 f5 13. Nh4 f4 14. Nxg6 f3 15. Nxf8 Rxf8 16. Bd3 Bg2 17. b4 Qh3 18. Be3 Nf6 19. Nd1 Ng4 0-1

[Event "January 9 Late 2024"]
[Site "https://www.chess.com"]
[Date "2024.01.09"]
[Round "7"]
[White "Womacka, Mathias"]
[Black "Koziol, Kamil"]
[Result "1/2-1/2"]
[Board "103"]
[TimeControl "180+1"]
[WhiteFideId "4611390"]
[BlackFideId "1161555"]
[WhiteElo "2581"]
[BlackElo "2447"]
[WhiteTeam "GER"]
[BlackTeam "POL"]
[WhiteClock "0:00:30"]
[BlackClock "0:00:07"]

1. e4 c5 2. Nf3 e6 3. d4 cxd4 4. Nxd4 Nf6 5. Nc3 Nc6 6. Ndb5 Bb4 7. a3 Bxc3+ 8. Nxc3 d5 9. exd5 exd5 10. Bd3 O-O 11. O-O d4 12. Ne2 Bg4 13. Bg5 Re8 14. f3 Bh5 15. Nf4 Bg6 16. Nxg6 hxg6 17. Qd2 Qb6 18. b4 Nd5 19. f4 Ne3 20. Rf3 Ne7 21. Kh1 N7d5 22. f5 gxf5 23. Bxf5 Nxf5 24. Rxf5 Ne3 25. Rc5 Qd6 26. Bxe3 Rxe3 27. Rc4 Rd8 28. h3 Qe5 29. Rf1 d3 30. cxd3 Rdxd3 31. Rc8+ Kh7 32. Qf2 Qg5 33. Qxf7 Rxh3+ 34. Kg1 Qe3+ 35. Qf2 Qxf2+ 36. Rxf2 Rhg3 37. Rc7 Rxa3 38. Rxb7 Rab3 39. Rxa7 Rxb4 40. Ra1 Rbb3 1/2-1/2

[Event "January 9 Late 2024"]
[Site "https://www.chess.com"]
[Date "2024.01.09"]
[Round "7"]
[White "Joie, Sebastien"]
[Black "Ozdemir, Serhan Berat"]
[Result "1-0"]
[Board "104"]
[TimeControl "180+1"]
[WhiteFideId "650420"]
[BlackFideId "6374611"]
[WhiteElo "2445"]
[BlackElo "2580"]
[WhiteTeam "FRA"]
[BlackTeam "TUR"]
[WhiteClock "0:00:05"]
[BlackClock "0:00:02"]

1. d4 Nf6 2. c4 g6 3. Nc3 Bg7 4. e4 d6 5. f4 O-O 6. Nf3 c5 7. d5 e6 8. Be2 exd5 9. cxd5 Re8 10. e5 dxe5 11. fxe5 Ng4 12. e6 fxe6 13. d6 Nc6 14. O-O Qb6 15. Ne4 Bd7 16. Kh1 Rf8 17. h3 Nge5 18. Be3 Nxf3 19. Bxc5 Qxb2 20. Rb1 Qxa2 21. Bxf3 b6 22. Bg1 Rad8 23. Rc1 Ne5 24. Rc7 Nxf3 25. Rxf3 Rxf3 26. Qxf3 Qa4 27. Nf6+ Bxf6 28. Qxf6 Rf8 29. Qe7 Rf7 30. Qd8+ Kg7 31. Rb7 Qb5 32. Rc7 e5 33. Qb8 a5 34. Qd8 a4 35. Rb7 a3 36. Rxb6 Qd5 37. Rb7 Qe6 38. Ra7 a2 39. Qa8 Rf1 40. Rxa2 Qd5 41. Qxd5 e4 42. Qe5+ Kh6 43. Qxe4 Bf5 44. Qe3+ Kg7 45. Ra7+ Kg8 46. Qe8# 1-0

[Event "January 9 Late 2024"]
[Site "https://www.chess.com"]
[Date "2024.01.09"]
[Round "7"]
[White "Bold, Andre"]
[Black "Yagupov, Igor"]
[Result "1/2-1/2"]
[Board "105"]
[TimeControl "180+1"]
[WhiteFideId "16208471"]
[BlackFideId "4113632"]
[WhiteElo "2443"]
[BlackElo "2572"]
[WhiteTeam "GER"]
[BlackTeam "RUS"]
[WhiteClock "0:00:07"]
[BlackClock "0:00:03"]

1. d4 d5 2. Nf3 Nf6 3. c3 c6 4. Bf4 Bf5 5. e3 Nbd7 6. Bd3 Bxd3 7. Qxd3 e6 8. O-O Be7 9. Nbd2 Nh5 10. Bg3 O-O 11. a4 a5 12. c4 Nxg3 13. hxg3 Bb4 14. e4 dxe4 15. Nxe4 Nc5 16. Nxc5 Bxc5 17. Rad1 Bb4 18. g4 Qf6 19. g3 Rfd8 20. Kg2 c5 21. d5 exd5 22. cxd5 c4 23. Qxc4 Qxb2 24. Rh1 g6 25. d6 Rac8 26. Qb5 Rc2 27. Rdf1 Bxd6 28. Qxb2 Rxb2 29. Rb1 Rxb1 30. Rxb1 Bb4 31. Rc1 Rd7 32. Rc8+ Kg7 33. g5 h6 34. gxh6+ Kxh6 35. Ne5 Re7 36. Nd3 Bd6 37. Rd8 Bc7 38. Rd5 Kg7 39. Rb5 b6 40. Kf3 f5 41. Nf4 Bxf4 42. gxf4 Re6 43. Kg3 Kf7 44. f3 Kf6 45. Kh4 Rc6 46. Kg3 Ke7 47. Kh4 Kd7 48. Kg5 Kc7 49. Re5 Rc4 50. Kxg6 Rxf4 51. Rxf5 Rxa4 52. f4 Rd4 53. Rf7+ Kc6 54. f5 b5 55. f6 Rf4 56. Ra7 Kb6 57. Ra8 a4 58. f7 Kc5 59. f8=Q+ Rxf8 60. Rxf8 a3 61. Kf5 Kc4 62. Ke4 a2 63. Ra8 Kb3 64. Kd3 Kb2 65. Kd4 b4 66. Kc4 b3 67. Kb4 a1=Q 68. Rxa1 Kxa1 69. Kxb3 1/2-1/2

[Event "January 9 Late 2024"]
[Site "https://www.chess.com"]
[Date "2024.01.09"]
[Round "7"]
[White "Asish Panda"]
[Black "Mazurkiewicz, Michal"]
[Result "1-0"]
[Board "106"]
[TimeControl "180+1"]
[WhiteFideId "45012458"]
[BlackFideId "1124943"]
[WhiteElo "2571"]
[BlackElo "2443"]
[WhiteTeam "IND"]
[BlackTeam "POL"]
[WhiteClock "0:00:28"]
[BlackClock "0:00:02"]

1. e4 d6 2. g3 Nf6 3. Bg2 c5 4. Ne2 Nc6 5. O-O g6 6. c3 Bg7 7. d4 cxd4 8. cxd4 O-O 9. Nbc3 Rb8 10. h3 Nd7 11. Be3 b5 12. a3 Nb6 13. b3 a6 14. Qd2 Re8 15. Bh6 Bh8 16. f4 Bb7 17. f5 e6 18. fxg6 hxg6 19. Qf4 Qe7 20. Bg5 Qf8 21. Bf6 Bxf6 22. Qxf6 Qg7 23. Qh4 Nxd4 24. Rad1 Nxe2+ 25. Nxe2 d5 26. exd5 Nxd5 27. Qg5 Ne7 28. Bxb7 Rxb7 29. Nf4 Nf5 30. h4 Rbb8 31. Rd7 Qh6 32. Qg4 Ne3 33. Qf3 Nxf1 34. Nd5 Qg7 35. Nf6+ Kf8 36. Qf4 Red8 37. Qd6# 1-0

[Event "January 9 Late 2024"]
[Site "https://www.chess.com"]
[Date "2024.01.09"]
[Round "7"]
[White "Storn, Justin"]
[Black "Erzhanov, Arman"]
[Result "1-0"]
[Board "107"]
[TimeControl "180+1"]
[WhiteFideId "30922720"]
[BlackFideId "4138821"]
[WhiteElo "2432"]
[BlackElo "2555"]
[WhiteTeam "USA"]
[BlackTeam "KAZ"]
[WhiteClock "0:00:04"]
[BlackClock "0:00:26"]

1. g3 c5 2. Bg2 Nc6 3. c4 g6 4. Nc3 Bg7 5. e3 Nh6 6. Nge2 Nf5 7. O-O O-O 8. a3 e6 9. b4 Nxb4 10. axb4 cxb4 11. d4 bxc3 12. Ba3 Re8 13. Nxc3 Bf8 14. Bxf8 Rxf8 15. e4 Ne7 16. d5 d6 17. Nb5 exd5 18. exd5 a6 19. Qf3 Rb8 20. Nd4 Nf5 21. Ne2 Re8 22. Rfe1 Bd7 23. Bh3 Re5 24. Qc3 Qe7 25. Nf4 Re8 26. Nd3 Re2 27. Bxf5 Bxf5 28. Rxe2 Qxe2 29. Re1 Bxd3 30. Rxe2 Bxe2 31. f4 Rc8 32. Qf6 Bxc4 33. Qxd6 Bb5 34. Qe7 Re8 35. Qxb7 Rd8 36. Kf2 Kf8 37. Ke3 Rd7 38. Qa8+ Ke7 39. Kd4 h5 40. Qb8 Rd8 41. Qe5+ Kf8 42. d6 Kg8 43. Qe7 Rd7 44. Qf6 Kh7 45. Kc5 Kg8 46. f5 Kh7 47. fxg6+ fxg6 48. h3 Rb7 49. g4 hxg4 50. hxg4 Rd7 51. g5 Rb7 52. Qf4 Rd7 53. Qh4+ Kg7 54. Qh6+ Kf7 55. Qh7+ Ke6 56. Qxg6+ Ke5 57. Qf6+ Ke4 58. Qe6+ Kf4 59. g6 Kg5 60. Qf7 Kh6 61. Qf8+ Kxg6 62. Qe8+ Kf6 63. Qe4 Kf7 64. Qf4+ Ke8 65. Qe5+ Kd8 66. Qh8# 1-0

[Event "January 9 Late 2024"]
[Site "https://www.chess.com"]
[Date "2024.01.09"]
[Round "7"]
[White "Avalos Parra, Joao"]
[Black "Potapova, Margarita"]
[Result "1-0"]
[Board "108"]
[TimeControl "180+1"]
[WhiteFideId "3402541"]
[BlackFideId "14126869"]
[WhiteElo "2412"]
[BlackElo "2554"]
[WhiteTeam "CHI"]
[BlackTeam "RUS"]
[WhiteClock "0:00:05"]
[BlackClock "0:00:08"]

1. d4 d5 2. c4 c6 3. Nf3 Nf6 4. Nc3 dxc4 5. a4 Bf5 6. Ne5 Nbd7 7. Nxc4 Nb6 8. Ne5 a5 9. e3 Nfd7 10. Nxf7 Kxf7 11. Qf3 e6 12. g4 Qf6 13. gxf5 Qxf5 14. Qd1 Bb4 15. Bd3 Qh3 16. Bd2 Qg2 17. Be4 Qh3 18. Qe2 Nf6 19. Bd3 Nbd5 20. O-O-O b5 21. Rdg1 bxa4 22. Rg3 Qh4 23. Rhg1 g6 24. Rf3 a3 25. bxa3 Bxc3 26. e4 Bxd4 27. exd5 cxd5 28. Bg5 Qxh2 29. Re1 Rhe8 30. Bf4 Rac8+ 31. Kd1 Qh4 32. Be5 Bxe5 33. Qxe5 Qa4+ 34. Kd2 Qh4 35. Rf4 Qh6 36. Qxf6+ Kg8 37. Re5 Rb8 38. Rg5 e5 39. Bxg6 exf4 40. Bxe8+ Qxg5 41. Qxg5+ Kf8 42. Qxf4+ 1-0